 Dungeon Crawl Stone Soup version 0.29-a0-521-g59ce8b2d47 (webtiles) character file.

Game seed: 6038691446193052599

1178 Morbidden the Chopper (level 8, 0/72 HPs)
             Began as a Deep Dwarf Fighter on June 1, 2022.
             Was a Priest of Makhleb.
             Succumbed to an orc wizard's poison
             ... on level 6 of the Dungeon.
             The game lasted 00:12:28 (4800 turns).

Morbidden the Chopper (Deep Dwarf Fighter)          Turns: 4800, Time: 00:12:28

Health: 0/72       AC: 10    Str: 22    XL:     8   Next: 18%
Magic:  10/11      EV:  9    Int: 15    God:    Makhleb [***...]
Gold:   316        SH:  6    Dex: 21    Spells: 9/12 levels left

rFire   . . .      SeeInvis .   a - +0 war axe
rCold   . . .      Faith    .   c - +0 buckler
rNeg    . . .      Spirit   .   p - +0 chain mail
rPois   .          Reflect  .   (no helmet)
rElec   .          Harm     .   (no cloak)
rCorr   .          Rampage  .   k - +0 pair of gloves {Dex+3}
Will    +....                   (no boots)
Stlth   ..........              (no amulet)
HPRegen 0.00/turn               l - +6 ring of intelligence
MPRegen 0.12/turn               H - +6 ring of dexterity

@: lethally poisoned (0 -> -11)
A: damage resistance, heal wounds, sense surroundings 1, no regeneration
a: Heal Wounds, Renounce Religion, Minor Destruction, Lesser Servant of Makhleb


You were on level 6 of the Dungeon.
You worshipped Makhleb.
Makhleb was most pleased with you.
You visited 1 branch of the dungeon, and saw 6 of its levels.
You also visited: Sewer and Ossuary.

You collected 316 gold pieces.

Inventory:

Hand Weapons
 a - a +0 war axe (weapon)
Missiles
 t - 6 poisoned darts
 E - 2 javelins
Armour
 c - a +0 buckler (worn)
 k - a +0 pair of gloves of dexterity (worn)
 p - a +0 chain mail (worn)
Jewellery
 l - a +6 ring of intelligence (left hand)
 F - a ring of ice
 H - a +6 ring of dexterity (right hand)
 K - a ring of flight
Wands
 b - a wand of polymorph (2) (quivered)
 J - a wand of mindburst (8)
Scrolls
 g - 4 scrolls of teleportation {unknown}
 h - 3 scrolls of enchant weapon {unknown}
 i - 4 scrolls of identify
 m - a scroll of noise {unknown}
 o - 3 scrolls of poison {unknown}
 u - a scroll of fear {unknown}
 v - 2 scrolls of vulnerability {unknown}
 w - a scroll of immolation {unknown}
 x - 2 scrolls of magic mapping {unknown}
 y - 2 scrolls of silence {unknown}
 z - a scroll of enchant armour {unknown}
 B - a scroll of summoning {unknown}
 C - a scroll of fog {unknown}
Potions
 d - 2 potions of might
 e - 2 potions of resistance
 f - a potion of magic
 j - 4 potions of curing {unknown}
 n - 2 potions of lignification {unknown}
 q - a potion of haste {unknown}
 r - a potion of cancellation {unknown}
 s - a potion of mutation {unknown}
 A - 2 potions of flight {unknown}
 D - a potion of brilliance {unknown}
 G - a potion of invisibility {unknown}
 I - a potion of attraction {unknown}


   Skills:
 * Level 3.7 Fighting
 * Level 6.9 Axes
 + Level 0.2 Throwing
 + Level 4.4 Armour
 * Level 2.5 Dodging
 + Level 0.2 Stealth
 + Level 4.0 Shields
 * Level 2.8 Spellcasting
 * Level 1.1 Transmutations
 * Level 2.0 Poison Magic
 * Level 3.0 Invocations


You had 9 spell levels left.
You knew the following spells:

 Your Spells              Type           Power      Damage    Failure   Level
a - Sting                 Tmut/Pois      24%        1d4       75%         1
z - Wereblood             Tmut           5%         N/A       91%         2

Your spell library contained the following spells:

 Spells                   Type           Power      Damage    Failure   Level
 Poisonous Vapours        Pois/Air       10%        N/A       91%         2
 Sublimation of Blood     Necr           2%         N/A       97%         2
 Olgreb's Toxic Radiance  Pois           8%         N/A       100%        4
 Summon Hydra             Summ           1%         N/A       100%        7


Dungeon Overview and Level Annotations

Branches:
Dungeon (6/15)              Sewer (visited)         Ossuary (visited)
 Temple: D:4-7

Altars:
Cheibriados
Makhleb
Trog

Shops:
D:1 *[((=   D:3 *


Innate Abilities, Weirdness & Mutations

You are resistant to damage.
You can heal yourself by infusing magical energy.
You passively map a small area around you.
You do not regenerate.


Message History

A magic dart appears from out of thin air!
The magic dart hits you but does no damage.
Something hits you but does no damage.
You are poisoned.
You miss something. You hit something but do no damage. Something hits you. x2
You are more poisoned.
Unknown command.
You closely miss something. You miss something.
Something hits you but does no damage. x2
You are more poisoned.
Unknown command.
You miss something. x2; Something hits you. x2
You are more poisoned.
Something hits you but does no damage. Something hits you.
You barely miss something. You hit something.
You feel sick. Something hits you but does no damage.
You are more poisoned.
You hear some strange, mumbled words.
A puff of flame appears from out of thin air!
The puff of flame hits you!
Unknown command.
You hit something. You barely miss something.
You feel very sick.
You hear some strange, mumbled words.
A magic dart appears from out of thin air!
The magic dart hits you.
* * * LOW HITPOINT WARNING * * *
Something hits you.
You are more poisoned.
You miss something. You hit something. Makhleb accepts your kill.
Reactivating autopickup.
You feel a bit more experienced.
* * * LOW HITPOINT WARNING * * *
You feel extremely sick. Something hits you but does no damage.
You are lethally poisoned!
Deactivating autopickup; reactivate with Ctrl-A.
You closely miss something.
You die...

* * , , , *
###########
,.....Y{)..#
* **#@# #.#
#.# #.###
#..<# #####
* , , * , *


You could see an ice beast.

Vanquished Creatures
  Eustachio (D:5)
  A black bear (D:5)
  Pargi (Sewer)
  A centaur (D:5)
  A kobold brigand (D:5)
  2 necrophages
  A scorpion (D:4)
  A howler monkey (D:5)
  A hound (D:4)
  A jelly (D:4)
  2 orc priests (D:6)
  3 iguanas
  2 orc wizards
  3 mummies (Ossuary)
  8 adders
  An adder zombie (Ossuary)
  4 worms
  5 dart slugs
  5 orcs
  4 ball pythons
  11 endoplasms
  8 giant cockroaches
  A gnoll zombie (Ossuary)
  6 goblins
  8 hobgoblins
  11 kobolds
  4 quokkas
  4 bats
  3 frilled lizards
  3 goblin zombies (Ossuary)
  3 hobgoblin zombies (Ossuary)
  A kobold zombie (Ossuary)
  5 quokka zombies
  6 rats
  6 rat zombies
128 creatures vanquished.

Vanquished Creatures (others)
  A wizard (D:5)
  12 plants
  13 withered plants (D:1)
26 creatures vanquished.

Grand Total: 154 creatures vanquished

Notes
Turn   | Place    | Note
-------+----------+-------------------------------------------
     0 | D:1      | Morbidden the Deep Dwarf Fighter began the quest for the
                  | Orb.
     0 | D:1      | Reached XP level 1. HP: 20/20 MP: 1/1
    31 | D:1      | Found Othas's Assorted Antiques.
    35 | D:1      | Found Siugy's Antique Armour Shop.
   114 | D:1      | Reached XP level 2. HP: 24/27 MP: 2/2
   297 | D:1      | Found Nanaeceapo's Antique Weapon Boutique.
   386 | D:1      | Found Quzior's Jewellery Boutique.
   501 | D:1      | Found a faded altar of an unknown god.
   570 | D:1      | Prayed at the altar of an unknown god.
   570 | D:1      | Became a worshipper of Makhleb the Destroyer
   570 | D:1      | Reached * piety under Makhleb
   963 | D:1      | Found Bierat's Weapon Shop.
  1322 | D:2      | Reached XP level 3. HP: 17/33 MP: 3/3
  1919 | D:2      | Reached skill level 3 in Axes
  2416 | D:2      | Learned a level 1 spell: Sting
  2451 | D:3      | Reached XP level 4. HP: 14/42 MP: 5/5
  2569 | D:3      | Found a glowing drain.
  2574 | Sewer    | Entered a sewer
  2711 | Sewer    | Noticed Pargi
  2722 | Sewer    | Killed Pargi
  2723 | Sewer    | Reached skill level 4 in Axes
  2723 | Sewer    | Reached skill level 1 in Dodging
  2723 | Sewer    | Reached skill level 1 in Spellcasting
  2723 | Sewer    | Reached skill level 1 in Invocations
  2723 | Sewer    | Reached XP level 5. HP: 11/49 MP: 6/6
  2819 | D:3      | Found Ynolyott's General Store.
  2900 | D:3      | Found a snail-covered altar of Cheibriados.
  2951 | D:3      | Reached XP level 6. HP: 10/56 MP: 7/7
  3346 | D:4      | Reached ** piety under Makhleb
  3386 | D:4      | Found a sand-covered staircase.
  3402 | Ossuary  | Entered an ossuary
  3410 | Ossuary  | Reached skill level 1 in Poison Magic
  3667 | D:4      | Reached skill level 5 in Axes
  3670 | D:4      | Reached XP level 7. HP: 34/62 MP: 8/10
  3841 | D:4      | Learned a level 2 spell: Wereblood
  4080 | D:5      | Entered Level 5 of the Dungeon
  4140 | D:5      | Found a bloodstained altar of Trog.
  4158 | D:5      | Noticed Eustachio
  4185 | D:5      | Reached skill level 6 in Axes
  4212 | D:5      | Reached *** piety under Makhleb
  4271 | D:5      | Killed Eustachio
  4272 | D:5      | Reached XP level 8. HP: 31/72 MP: 11/11
  4555 | D:5      | Noticed a wizard
  4561 | D:5      | Killed a wizard
  4683 | D:5      | Reached skill level 1 in Transmutations
  4800 | D:6      | Succumbed to an orc wizard's poison

Illustrated notes

Levels and vault maps discovered:
D:1:      lemuel_arrival_river_ford, layout_basic, serial_shops,
          nicolae_shop_temple_entry_statues_fountains, nicolae_shop_crystal,
          shop, nicolae_shop_waterfront, shop,
          shapermc_ecumenical_altar_flowoftime, moated_statue
D:2:      layout_basic, minmay_worlds_worst_comb
D:3:      layout_rooms, slow_altar_1, serial_shops, shop_fountains,
          gup_sewer_entry_spiral
D:4:      layout_cave_pools, enter_ossuary_4
D:5:      layout_rooms, trog_wizard, serial_bayou_pond_b, uniq_eustachio
D:6:      dreamdust_elfheim, layout_basic, minmay_temple_entry_drinking_statues

Skill      XL: |  1  2  3  4  5  6  7  8 |
---------------+-------------------------+-----
Fighting       | 3 |  3.7
Axes           | 3 4 5 6 |  6.9
Dodging        | 1 2 |  2.5
Spellcasting   | 1 2 |  2.8
Invocations    | 1 2 3 |  3.0
Armour         | 4 |  4.4
Poison Magic   | 1 2 |  2.0
Shields        | 4 |  4.0
Transmutations | 1 |  1.1
Throwing       | |  0.2
Stealth        | |  0.2

Action                   |  1- 3 |  4- 6 |  7- 9 || total
-------------------------+-------+-------+-------++-------
Melee: War axe           |   131 |   162 |   132 ||   425
Throw: Dart              |     2 |     2 |     2 ||     6
 Abil: Heal Wounds       |       |       |     1 ||     1
Evoke: Wand              |       |       |     4 ||     4
  Use: Scroll            |       |     4 |       ||     4
       Potion            |       |     1 |       ||     1
Armor: Scale mail        |    58 |    12 |       ||    70
       Chain mail        |       |    70 |   117 ||   187
Dodge: Dodged            |    57 |    70 |    64 ||   191
Block: Buckler           |    20 |    40 |    65 ||   125

Table legend: (Time is in decaauts)
 A = Elapsed time spent in this place.
 B = Non-inter-level travel time spent in this place.
 C = Inter-level travel time spent in this place.
 D = Time resting spent in this place.
 E = Time spent auto-exploring this place.
 F = Levels seen in this place.
 G = Mean time per level.
                   A        B        C        D        E       F      G
               +--------+--------+--------+--------+--------+-----+--------+
         Total |   4996 |   4482 |    514 |    600 |   2297 |   8 |  624.5 |
       Dungeon |   4572 |   4058 |    514 |    600 |   2166 |   6 |  762.0 |
         Sewer |    186 |    186 |      0 |      0 |     51 |   1 |  186.0 |
       Ossuary |    237 |    237 |      0 |      0 |     80 |   1 |  237.0 |
               +--------+--------+--------+--------+--------+-----+--------+

Top non-repeatable levels by time:
     D:1: 1331 daAuts
     D:2: 1163 daAuts
     D:3: 773 daAuts
     D:5: 700 daAuts
     D:4: 559 daAuts
 Ossuary: 237 daAuts
   Sewer: 186 daAuts
     D:6: 43 daAuts
